Map: Tours du crépuscule

Players

Worming - Winner!

  • Race: Zerg Zerg
  • League: Diamond

Koff

  • Race: Zerg Zerg
  • League: Diamond

VOD

Have the link to the VOD?

Description

Time

  • Played on: July 5, 2016, 2:39 p.m.
  • Length: 10:46
Show
View Real Time Build Order
Export as new Build Order

Worming Zerg - Winner!

Build Orders: Hatch First 

Get SALT Encoding   

  12  0:02  Drone  
  13  0:12  Overlord  
  13  0:17  Drone  
  14  0:30  Drone x2  
  14  0:35  Drone  
  17  0:52  Hatchery  
  17  0:56  Drone  
  17  0:59  Drone  
  18  1:05  Extractor  
  17  1:18  Spawning Pool  
  16  1:20  Drone  
  16  1:22  Drone  
  18  1:32  Drone  
  19  1:39  Drone  
  20  1:51  Drone  
  21  2:02  Overlord  
  21  2:05  Queen x2  
  21  2:06  Zergling x2  
  26  2:10  Metabolic Boost  
  26  2:19  Drone x2  
  28  2:23  Overlord  
  28  2:32  Drone  
  28  2:35  Drone  
  30  2:43  Baneling Nest  
  29  2:45  Drone x2  
  31  2:51  Drone  
  32  3:00  Zergling x4  
  34  3:16  Drone x8  
  41  3:29  Hatchery  
  41  3:32  Lair  
  40  3:34  Extractor  
  40  3:37  Drone x2  
  40  3:38  Evolution Chamber, Extractor  
  39  3:58  Drone x5  
  39  3:59  Overlord  
  39  4:01  Overlord  
  39  4:02  Overlord  
  44  4:04  Zerg Missile Weapons Level 1  
  44  4:09  Roach Warren  
  42  4:33  Zergling x12  
  42  4:36  Drone  
  42  4:37  Drone x2  
  51  4:49  Glial Reconstitution  
  51  4:50  Roach x5  
  61  4:53  Roach  
  61  4:54  Queen  
  65  5:02  Drone  
  65  5:03  Drone  
  66  5:17  Overseer  
  66  5:18  Pneumatized Carapace  
  66  5:21  Drone x6  
  66  5:22  Drone  
  66  5:26  Spine Crawler  
  66  5:28  Ravager  
  73  5:30  Overlord x2  
  73  5:42  Overlord x2  
  73  5:48  Ravager x5  
  78  5:55  Drone, Extractor  
  78  5:56  Drone x3  
  78  5:57  Drone x3  
  82  5:58  Roach x2  
  88  6:06  Overlord  
  88  6:07  Roach x2  
  88  6:08  Roach x3  
  98  6:18  Overlord  
  99  6:40  Roach x11  
  99  6:44  Queen  
  121  6:47  Zerg Missile Weapons Level 2  
  121  6:52  Drone  
  121  6:53  Overlord x4  
  122  7:07  Hatchery, Hydralisk Den  
  103  7:28  Roach x6, Extractor  
  103  7:29  Roach x8  
  130  7:33  Drone x3  
  130  7:36  Extractor  
  132  7:37  Drone  
  132  7:40  Drone x2  
  132  7:42  Lurker Den  
  135  7:49  Queen  
  137  8:03  Overlord  
  137  8:04  Hydralisk  
  140  8:05  Zergling x2  
  140  8:06  Zergling x14  
  140  8:07  Drone x3  
  150  8:15  Overlord  
  150  8:16  Overlord x2  
  150  8:21  Hydralisk x2  
  150  8:25  Overseer  
  154  8:54  Infestation Pit  
  152  9:07  Extractor, Spine Crawler  
  146  9:13  Hydralisk x4  
  146  9:14  Roach  
  146  9:15  Roach x5  
  161  9:25  Lurker x3  
  161  9:27  Roach  
  161  9:28  Roach x9  
  179  9:34  Overlord x5  
  176  9:46  Overlord x2  
  176  9:56  Drone x3  
  176  9:59  Hydralisk, Extractor  
  178  10:00  Hydralisk x4  
Show
View Real Time Build Order
Export as new Build Order

Koff Zerg 

Build Orders: Hatch First 

Get SALT Encoding   

  12  0:01  Drone  
  13  0:12  Overlord  
  13  0:17  Drone  
  14  0:23  Drone, Extractor  
  15  0:30  Drone  
  15  0:34  Drone  
  17  0:55  Hatchery  
  16  1:06  Spawning Pool  
  16  1:09  Drone  
  16  1:12  Drone  
  16  1:16  Drone  
  18  1:20  Drone  
  19  1:31  Drone  
  20  1:41  Overlord  
  20  1:52  Drone, Extractor  
  20  1:54  Queen  
  22  2:03  Drone  
  22  2:06  Queen  
  22  2:07  Drone  
  26  2:16  Drone  
  26  2:18  Drone  
  28  2:24  Drone  
  29  2:30  Queen  
  29  2:32  Overlord  
  29  2:35  Drone  
  32  2:40  Drone, Extractor  
  32  2:48  Spine Crawler  
  32  2:50  Spine Crawler  
  30  2:51  Drone  
  31  2:59  Spine Crawler  
  31  3:00  Drone  
  31  3:04  Drone x2  
  33  3:08  Roach Warren  
  32  3:16  Drone x3  
  35  3:28  Overlord  
  35  3:29  Drone x3  
  35  3:34  Drone x2  
  40  3:40  Drone x3  
  43  3:54  Roach x4  
  51  4:01  Drone  
  52  4:05  Overlord  
  52  4:09  Spine Crawler  
  51  4:11  Overlord  
  51  4:14  Extractor  
  51  4:16  Extractor  
  49  4:17  Roach  
  51  4:31  Lair  
  51  4:36  Roach  
  51  4:37  Roach x3  
  59  4:44  Hatchery  
  58  4:55  Roach x3  
  58  4:56  Drone x3  
  58  4:58  Overlord  
  67  5:28  Drone x4  
  71  5:30  Drone x2  
  73  5:36  Hydralisk Den  
  73  5:40  Roach x2  
  73  5:41  Overlord x2  
  76  5:56  Overlord  
  76  6:00  Roach x2, Overlord  
  80  6:05  Overlord  
  80  6:08  Roach x3  
  80  6:09  Hydralisk  
  88  6:17  Hydralisk x2  
  92  6:20  Overlord  
  92  6:25  Extractor  
  91  6:26  Extractor  
  90  6:45  Overlord  
  90  6:51  Hydralisk x5  
  96  7:16  Roach x4  
  96  7:22  Roach x3  
  98  7:34  Hydralisk  
  98  7:35  Hydralisk x2  
  104  7:37  Muscular Augments  
  104  7:39  Glial Reconstitution  
  104  7:41  Hydralisk x2  
  108  7:45  Drone x4  
  108  7:46  Drone x2  
  114  8:00  Drone x2  
  114  8:01  Drone x5  
  114  8:04  Overlord  
  121  8:13  Spore Crawler  
  121  8:14  Drone  
  121  8:15  Drone  
  121  8:16  Overlord  
  122  8:21  Overlord  
  122  8:22  Overlord, Hydralisk x3  
  129  8:27  Drone  
  129  8:35  Overlord x2  
  129  8:38  Hatchery  
  129  8:43  Hydralisk x6  
  140  8:52  Roach x4  
  140  8:54  Overlord  
  148  9:16  Hydralisk x5  
  148  9:17  Hydralisk  
  154  9:48  Hatchery  
  154  9:50  Hydralisk x4  
  154  9:51  Overlord  
  154  9:52  Roach x3  
  169  9:53  Roach  
  169  9:59  Evolution Chamber x2  
  167  10:05  Spore Crawler  
  167  10:06  Hydralisk  
  168  10:23  Overseer  
  168  10:24  Overseer x2  
Tags
 
Add a new tag
Caveats
  • Supply blocks, unpowered buildings, or Contaminate may cause inaccurate times.
  • Supply counts are checked every 10 seconds.